 Dungeon Crawl Stone Soup version 0.25.1-2-g60ff931df9 (webtiles) character file.

Game seed: 15080825734670712549

144 Martska the Skirmisher (level 5, -14/42 HPs)
             Began as a Demonspawn Fighter on Aug 15, 2020.
             Demolished by an ogre
             ... wielding a +0 giant club
              (18 damage)
             ... on level 4 of the Dungeon.
             The game lasted 00:05:51 (3670 turns).

Martska the Skirmisher (Demonspawn Fighter)         Turns: 3670, Time: 00:05:51

Health: -14/42     AC:  8    Str: 17    XL:     5   Next: 5%
Magic:  5/5        EV:  8    Int: 10    God:
Gold:   168        SH: 10    Dex: 12    Spells: 4/4 levels left

rFire    + . .     SeeInvis .   f - +0 club
rCold    x . .     Gourm    .   b - +1 kite shield
rNeg     . . .     Faith    .   a - +0 scale mail
rPois    .         Spirit   .   (no helmet)
rElec    .         Reflect  .   (no cloak)
rCorr    .         Harm     .   (no gloves)
MR       .....                  (no boots)
Stlth    ..........             (no amulet)
HPRegen  0.14/turn              n - ring of fire
MPRegen  0.09/turn              t - +4 ring of slaying

@: no status effects
A: iridescent scales 1
a: no special abilities


You were on level 4 of the Dungeon.
You were not hungry.

You visited 1 branch of the dungeon, and saw 4 of its levels.

You collected 168 gold pieces.

Inventory:

Hand Weapons
 f - a +0 club (weapon)
Armour
 a - a +0 scale mail (worn)
 b - a +1 kite shield (worn)
Jewellery
 l - an uncursed ring of positive energy
 n - a ring of fire (left hand)
 p - an uncursed ring of ice
 t - a +4 ring of slaying (right hand)
Wands
 q - a wand of clouds (7)
Scrolls
 e - 2 scrolls of remove curse
 h - a scroll of blinking {unknown}
 m - a scroll of amnesia {unknown}
 o - 3 scrolls of enchant armour
 r - a scroll of immolation {unknown}
 s - 2 scrolls of teleportation
Potions
 c - 2 potions of lignification
 g - a potion of haste
 j - a potion of heal wounds {unknown}
 k - a potion of stabbing {unknown}
 u - a potion of might
Comestibles
 d - 3 rations


   Skills:
 * Level 3.8 Fighting
 + Level 3.1 Armour
 * Level 1.9 Dodging
 + Level 3.1 Shields
 * Level 2.7 Unarmed Combat


You had 4 spell levels left.
You didn't know any spells.
Your spell library was empty.

Dungeon Overview and Level Annotations

Branches:
Dungeon (4/15)
 Temple: D:4-7

Altars:
Hepliaklqana


Innate Abilities, Weirdness & Mutations

You are partially covered in iridescent scales. (AC +2)


Message History

Your +0 kite shield glows green for a moment.
As you read the scroll labeled SIATAU AGOUCLAXEE, it crumbles to dust.
It is a scroll of identify.
c - 2 potions of lignification
As you read the scroll of identify, it crumbles to dust.
g - a potion of haste You climb downwards.
You block the ogre's attack.
There is a stone staircase leading up here.
You hit the ogre.
The ogre is lightly wounded.
The ogre hits you with a +0 giant club!
You hit the ogre.
The ogre is moderately wounded.
The ogre hits you with a +0 giant club!
You barely miss the ogre.
The ogre is moderately wounded.
The ogre hits you with a +0 giant club!
* * * LOW HITPOINT WARNING * * *
The ogre hits you with a +0 giant club!!
You die...

.. .. ##<###
#..... #.....
#.....######..
#............#
#....O@...#
#..$..###.#
#?.... #.....
#..... #..[..
######


You could see an ogre.

Vanquished Creatures
  A hound (D:3)
  5 adders
  An ooze (D:2)
  4 leopard geckos
  5 bats
  6 giant cockroaches
  7 goblins
  5 hobgoblins
  7 jackals (D:2)
  4 kobolds
  A quokka (D:2)
  3 frilled lizards
  6 rats
55 creatures vanquished.

Notes
Turn   | Place    | Note
-------+----------+-------------------------------------------
     0 | D:1      | Martska the Demonspawn Fighter began the quest for the Orb.
     0 | D:1      | Reached XP level 1. HP: 18/18 MP: 1/1
   431 | D:1      | Gained mutation: You are partially covered in iridescent
                  | scales. (AC +2) [demonic ancestry]
   431 | D:1      | Reached XP level 2. HP: 24/24 MP: 2/2
  1318 | D:2      | Reached XP level 3. HP: 25/29 MP: 3/3
  1339 | D:2      | Reached skill level 1 in Dodging
  2016 | D:2      | Reached XP level 4. HP: 35/35 MP: 4/4
  2351 | D:2      | Noticed a sky beast
  2758 | D:3      | Found a hazy altar of Hepliaklqana.
  3250 | D:3      | Found a faded altar of an unknown god.
  3506 | D:3      | Reached XP level 5. HP: 30/42 MP: 5/5
  3655 | D:4      | Noticed an ogre
  3670 | D:4      | Demolished by an ogre

Illustrated notes

Levels and vault maps discovered:
D:1:      ncdulo_smallfort, layout_basic
D:2:      layout_loops_cross, first_ration
D:3:      layout_rooms, old_standard_altar, chequers_ecumenical_altar_twisty
D:4:      layout_rooms, minmay_temple_entry_waves, fedhas_bush_and_centaur_altar

Skill      XL: |  1  2  3 |
---------------+----------+-----
Unarmed Combat | 2 |  2.7
Dodging        | 1 |  1.9
Armour         | 3 |  3.1
Shields        | 3 |  3.1
Fighting       | |  3.8

Action                   |  1- 3 |  4- 6 || total
-------------------------+-------+-------++-------
Melee: Unarmed           |    22 |       ||    22
       Club              |   204 |   137 ||   341
  Use: Potion            |     1 |       ||     1
       Scroll            |       |     5 ||     5
  Eat: Chunk             |     4 |     1 ||     5
       Ration            |       |     2 ||     2
Armor: Scale mail        |   123 |    80 ||   203
Dodge: Dodged            |    60 |    44 ||   104
Block: Kite shield       |   132 |    92 ||   224
